[Event "*** Titled Tuesday Blitz"]
[Site "Chess.com"]
[Date "2019.02.05"]
[Round "7"]
[White "vgyogi"]
[Black "GremioPrudente"]
[Result "1/2-1/2"]
[WhiteElo "2124"]
[BlackElo "2062"]
[TimeControl "180+2"]
[EndTime "14:38:56 PST"]
[Termination "Game drawn by agreement"]

1. d4 d5 2. Bf4 e6 3. e3 Bd6 4. Bg3 Nf6 5. Nf3 O-O 6. Nbd2 c5 7. c3 Qc7 8. Bd3 Nbd7 9. dxc5 Nxc5 10. Bc2 b6 11. O-O Ba6 12. Re1 Nd3 13. Bxd3 Bxd3 14. Nb3 Bg6 15. Qd4 Ne4 16. Bxd6 Nxd6 17. Qf4 Rac8 18.
Nbd2 Ne4 19. Qxc7 Rxc7 20. Nxe4 Bxe4 21. Nd4 a6 22. f3 Bg6 23. f4 Be4 24. a4 Rfc8 25. Ra3 Rb8 26. Rb3 Rc4 27. Ra1 Kf8 28. Kf2 Ke8 29. g3 Kd7 30. Ke2 f6 31. Rb4 Rxb4 32.
cxb4 Rc8 33. b5 a5 34. Nc6 g6 35. Rc1 h6 36. Kd2 Kd6 37. Rc3 e5 1/2-1/2

[Event "*** Titled Tuesday Blitz"]
[Site "Chess.com"]
[Date "2019.02.05"]
[Round "7"]
[White "robbykevlishvili"]
[Black "Kouzari"]
[Result "1-0"]
[WhiteElo "2756"]
[BlackElo "2624"]
[TimeControl "180+2"]
[EndTime "14:38:57 PST"]
[Termination "robbykevlishvili won by resignation"]

1. e4 e6 2. d4 d5 3. Nd2 c5 4. Ngf3 cxd4 5. Nxd4 Nc6 6. Bb5 Bd7 7. Nxc6 bxc6 8.
Bd3 Qc7 9. Qe2 Ne7 10. Nf3 Ng6 11. O-O Bd6 12. c4 O-O 13. Bd2 Nf4 14. Bxf4 Bxf4 15. g3 Bd6 16. Rac1 dxc4 17. Rxc4 Qb6 18. e5 Be7 19.
Bxh7+ Kxh7 20. Qd3+ Kg8 21. Qxd7 Bc5 22. Qd2 Rad8 23.
Qg5 f6 24. exf6 Rxf6 25. Qxc5 Qxc5 26. Rxc5 Rxf3 27. Rxc6 Rd2 28. Rxe6 Rxb2 29. Ra6 Rf7 30. f3 g5 31. Ra5 Rg7 32. Rf2 Rb4 33. Kg2 Kh7 34. Rc2 Rb6 35. Rac5 Ra6 36. Kh3 Ra3 37.
Kg4 Ra4+ 38. R5c4 Ra3 39. Re2 a5 40. Re5 Rxa2 41. Rxg5 Ra7 42. h4 a4 43. Rc6 a3 44.
Kh5 Kh8 45. Rh6+ Rh7 46. Rxh7+ Kxh7 47. Ra5 Rg2 48. Ra7+ Kg8 49. g4 a2 50. f4 Rb2 51. f5 Rf2 52. Kg6 Kf8 53. g5 Rb2 54. h5 1-0

[Event "*** Titled Tuesday Blitz"]
[Site "Chess.com"]
[Date "2019.02.05"]
[Round "7"]
[White "valeriocarnicelli"]
[Black "FMJoseHerrera"]
[Result "0-1"]
[WhiteElo "2446"]
[BlackElo "2571"]
[TimeControl "180+2"]
[EndTime "14:38:59 PST"]
[Termination "FMJoseHerrera won on time"]

1. e4 c5 2. Nf3 e6 3. d4 cxd4 4. Nxd4 a6 5. g3 Qc7 6. Bg2 b6 7. O-O Bb7 8. b3 Nf6 9. Qe2 d6 10.
Bb2 Nbd7 11. c4 Be7 12. Nc3 h5 13. h3 Rc8 14. Rac1 Qb8 15. Rfd1 Qa8 16. Re1 h4 17. g4 Ne5 18. f4 Ng6 19. Qf2 Qa7 20. f5 Ne5 21. fxe6 O-O 22. Nf5 Ba8 23. Nd5 Bxd5 24. exd5 Nd3 25. exf7+ Rxf7 26. Nxe7+ Rxe7 27. Qf5 b5+ 28. Kh2 Nxe1 29. Qxc8+ Re8 30. Qf5 Qe3 31. Rc3 Qd2 32.
Qf1 Qxb2 0-1

[Event "*** Titled Tuesday Blitz"]
[Site "Chess.com"]
[Date "2019.02.05"]
[Round "7"]
[White "GataKamsky1974"]
[Black "justantan"]
[Result "1/2-1/2"]
[WhiteElo "2734"]
[BlackElo "2713"]
[TimeControl "180+2"]
[EndTime "14:39:00 PST"]
[Termination "Game drawn by agreement"]

1. d4 Nf6 2. Nf3 d5 3. Bf4 e6 4. e3 c5 5. Nbd2 Bd6 6. Bg3 O-O 7. c3 Qc7 8. Ne5 b6 9. Bd3 Bb7 10. O-O Nc6 11. Nxc6 Bxc6 12. Bxd6 Qxd6 13. f4 a5 14. a4 Rfb8 15. Qe2 Qd7 16. Nf3 Bxa4 17. Ne5 Qe8 18. g4 c4 19. Bb1 b5 20. g5 Ne4 21.
Bxe4 dxe4 22. f5 exf5 23. Rxf5 Ra7 24. Raf1 Rbb7 25. h4 Qe6 26. h5 g6 27. hxg6 hxg6 28. Rf6 Qh3 29. Qf2 Qh5 30. Qf4 b4 31. cxb4 Be8 32. b5 Rxb5 33. Rf2 c3 1/2-1/2

[Event "*** Titled Tuesday Blitz"]
[Site "Chess.com"]
[Date "2019.02.05"]
[Round "7"]
[White "Walter_White_Poland"]
[Black "Morshynska"]
[Result "1-0"]
[WhiteElo "2171"]
[BlackElo "2070"]
[TimeControl "180+2"]
[EndTime "14:39:02 PST"]
[Termination "Walter_White_Poland won by resignation"]

1. e4 e5 2. Nf3 Nc6 3. Bb5 a6 4. Ba4 Nf6 5. O-O b5 6. Bb3 Bb7 7. Nc3 Bc5 8. Nd5 h6 9. c3 d6 10. d4 Ba7 11. a4 O-O 12. Nxf6+ Qxf6 13. Bd5 Rfe8 14. axb5 axb5 15. Qb3 b4 16. Qc4 Nd8 17. Bxb7 Nxb7 18. Qxb4 Reb8 19. dxe5 dxe5 20. Be3 c5 21.
Qc4 Nd6 22. Qd5 Qe6 23. Nxe5 Qxd5 24. exd5 Bb6 25. Nd7 Rxa1 26. Rxa1 Rb7 27. Nxb6 Rxb6 28. Bxc5 1-0

[Event "*** Titled Tuesday Blitz"]
[Site "Chess.com"]
[Date "2019.02.05"]
[Round "7"]
[White "TomasKapitanchuk"]
[Black "Quiet_Desperation"]
[Result "0-1"]
[WhiteElo "2413"]
[BlackElo "2420"]
[TimeControl "180+2"]
[EndTime "14:39:06 PST"]
[Termination "Quiet_Desperation won on time"]

1. e4 Nc6 2. d4 d5 3. exd5 Qxd5 4.
Nf3 e5 5. Be3 Bg4 6. Be2 exd4 7.
Nxd4 Qxg2 8. Rf1 Bxe2 9. Qxe2 O-O-O 10. Nf3 Nf6 11. Nbd2 Nd5 12. O-O-O Nxe3 13. Qxe3 Qg6 14. Rg1 Qf5 15. Rg5 Qd7 16. Rgg1 Qe8 17. Qb3 Qe6 18. Ng5 Qxb3 19. axb3 Ne5 20. f4 h6 21. fxe5 hxg5 22. Rxg5 Rxh2 23. Rf5 g6 0-1

[Event "*** Titled Tuesday Blitz"]
[Site "Chess.com"]
[Date "2019.02.05"]
[Round "7"]
[White "masrahi"]
[Black "ezkybel"]
[Result "0-1"]
[WhiteElo "1848"]
[BlackElo "2260"]
[TimeControl "180+2"]
[EndTime "14:39:06 PST"]
[Termination "ezkybel won by resignation"]

1. c4 e6 2. Nc3 Nf6 3. e4 d5 4. e5 Ne4 5. Nf3 Nxc3 6. bxc3 Nc6 7. d4 Be7 8. Bd3 dxc4 9. Bxc4 b6 10. O-O Na5 11. Bd3 Bb7 12. Nd2 g6 13. Be4 O-O 14.
Bxb7 Nxb7 15. Ne4 c5 16. Be3 cxd4 17. cxd4 Na5 18. Qg4 Nc6 19. Rad1 Nb4 20. Bg5 Nd5 21. Bxe7 Qxe7 22. Rfe1 Rac8 23. Rd3 f5 24. exf6 Nxf6 25. Nxf6+ Rxf6 26. h3 Kg7 27. d5 h5 28. Qg5 Rd8 29.
Rxe6 Rxe6 30. Qxe7+ Rxe7 0-1

[Event "*** Titled Tuesday Blitz"]
[Site "Chess.com"]
[Date "2019.02.05"]
[Round "7"]
[White "AndrewMcStone"]
[Black "Vugar_Manafov"]
[Result "0-1"]
[WhiteElo "2101"]
[BlackElo "2371"]
[TimeControl "180+2"]
[EndTime "14:39:09 PST"]
[Termination "Vugar_Manafov won by resignation"]

1. d4 Nf6 2. c4 e6 3. Nc3 Bb4 4. f3 d6 5. e4 e5 6. Ne2 O-O 7. a3 Bxc3+ 8. Nxc3 Nc6 9. Be3 Nh5 10. d5 Ne7 11. Qd2 f5 12. Bd3 fxe4 13. Nxe4 Nf5 14. O-O-O Nxe3 15. Qxe3 Nf4 16. g3 Nxd3+ 17. Qxd3 Bf5 18.
Rhf1 a6 19. Qe3 b5 20. c5 a5 21. b3 Qe7 22. cxd6 cxd6 23. Kb2 Rfc8 24. Rc1 h6 25. Rc3 Rxc3 26. Qxc3 a4 27. b4 Rc8 28. Qd2 Rc4 29.
Rc1 Qc7 30. Rxc4 Qxc4 31. Qc2 Qd4+ 32. Ka2 Qxd5+ 33. Kb2 Kh8 34. Qc7 Qd4+ 35. Kc1 Qe3+ 36.
Kd1 Qxf3+ 0-1

[Event "*** Titled Tuesday Blitz"]
[Site "Chess.com"]
[Date "2019.02.05"]
[Round "7"]
[White "Manukyan_Artak"]
[Black "M1711"]
[Result "1-0"]
[WhiteElo "2382"]
[BlackElo "2516"]
[TimeControl "180+2"]
[EndTime "14:39:11 PST"]
[Termination "Manukyan_Artak won by resignation"]

1. e4 e5 2. Nf3 Nc6 3. d4 exd4 4. Nxd4 Nf6 5. Nxc6 bxc6 6. e5 Qe7 7. Qe2 Nd5 8. c4 Nb6 9. b3 a5 10. a4 Qe6 11. g3 g6 12. h4 Bg7 13. f4 d6 14.
Bb2 dxe5 15. Bh3 Qe7 16. Bxe5 Bxe5 17. Qxe5 Qxe5+ 18. fxe5 Bxh3 19. Rxh3 Ke7 20. Nc3 Nd7 21. g4 Nxe5 22. Re3 f6 23. g5 Rhe8 24. O-O-O Rab8 25. Kc2 Kf7 26. gxf6 Kxf6 27. Rf1+ Kg7 28. Rfe1 Kf6 29.
Ne4+ Kf7 30. Ng5+ Kf6 31. Nxh7+ Kf7 32. Rxe5 Red8 33. Re7+ Kg8 34. Nf6+ Kf8 35. Nd7+ Kg8 36. Nxb8 Rxb8 37. Re8+ Rxe8 38. Rxe8+ Kg7 39. Re7+ Kh6 40.
Rxc7 c5 41. Rc6 Kh5 42. Rxc5+ g5 43. Rxa5 Kxh4 44. b4 g4 45. Ra8 g3 46. Rg8 Kh3 47.
c5 Kh2 48. c6 g2 49. c7 g1=Q 50. Rxg1 Kxg1 51. c8=Q Kf2 52. Qe6 Kg2 53. b5 Kg3 54. b6 Kf4 55. b7 Kg5 56. b8=Q Kh4 57. a5 Kg5 58. a6 Kh4 59. a7 Kg5 1-0

[Event "*** Titled Tuesday Blitz"]
[Site "Chess.com"]
[Date "2019.02.05"]
[Round "7"]
[White "Bigfish1995"]
[Black "kleinebeer98"]
[Result "1-0"]
[WhiteElo "2966"]
[BlackElo "2719"]
[TimeControl "180+2"]
[EndTime "14:39:13 PST"]
[Termination "Bigfish1995 won on time"]

1. d4 e6 2. e4 d5 3. e5 c5 4. c3 Nc6 5. Nf3 Nh6 6. Bd3 Be7 7.
O-O Bd7 8. Na3 a6 9. Nc2 c4 10. Be2 Nf5 11. g4 Nh6 12. h3 b5 13. Nh2 Qb6 14. f4 f5 15. exf6 gxf6 16. f5 Nf7 17. Ne3 O-O-O 18. a4 Kb7 19. Bf3 h5 20. gxh5 Ng5 21. Bg2 Bd6 22. axb5 axb5 23. Kh1 Qc7 24. fxe6 Bxe6 25. Rxf6 Bxh3 26. Bxd5 Bd7 27. Nxc4 bxc4 28. Qa4 Qb6 29. Rxd6 Rxh5 30. Bf4 Nh3 31. Rxd7+ 1-0

[Event "*** Titled Tuesday Blitz"]
[Site "Chess.com"]
[Date "2019.02.05"]
[Round "7"]
[White "ori99"]
[Black "yuki_chess123"]
[Result "0-1"]
[WhiteElo "2023"]
[BlackElo "2026"]
[TimeControl "180+2"]
[EndTime "14:39:13 PST"]
[Termination "yuki_chess123 won by resignation"]

1. e4 g6 2. d4 Bg7 3. Be3 c6 4. Nc3 d5 5. f3 dxe4 6. fxe4 Nf6 7. h3 O-O 8. Nf3 b5 9. a3 a5 10. Bd3 Ba6 11. O-O b4 12. axb4 axb4 13. Ne2 Qc8 14. Qd2 Qb7 15. Bxa6 Rxa6 16. Qd3 Rd8 17. e5 Nd5 18. Bd2 Rxa1 19. Rxa1 Nd7 20. Rf1 c5 21. c4 Nc7 22. dxc5 Ne6 23. Ng5 Ndxc5 24. Qe3 Nxg5 25. Qxg5 Ne4 26. Qf4 Nxd2 27. Qxf7+ Kh8 28. Ra1 Bxe5 29.
Nf4 Qb6+ 30. Kh1 Qf6 31. Nxg6+ hxg6 0-1

[Event "*** Titled Tuesday Blitz"]
[Site "Chess.com"]
[Date "2019.02.05"]
[Round "7"]
[White "MehdiHosseinipour"]
[Black "Nathan_Filgueiras"]
[Result "1-0"]
[WhiteElo "2522"]
[BlackElo "2277"]
[TimeControl "180+2"]
[EndTime "14:39:15 PST"]
[Termination "MehdiHosseinipour won by resignation"]

1. e4 c5 2. Nf3 Nc6 3. d4 cxd4 4. Nxd4 d5 5. Bb5 dxe4 6. O-O Bd7 7. Nxc6 Bxc6 8. Bxc6+ bxc6 9. Qe2 f5 10. f3 Nf6 11.
Nc3 e5 12. fxe4 f4 13. Kh1 Be7 14. Qc4 Qd4 15. Qxc6+ Kf7 16. Rd1 Rhc8 17. Qa6 Qc4 18.
Qb7 Rab8 19. Qxa7 Nxe4 20. Nxe4 Qxe4 21. Bd2 Rxb2 22. Re1 Qxc2 23. Rxe5 Rb1+ 24. Rxb1 Qxb1+ 25. Re1 Qd3 26. Qxe7+ Kg8 27. Qe6+ Kf8 1-0

[Event "*** Titled Tuesday Blitz"]
[Site "Chess.com"]
[Date "2019.02.05"]
[Round "7"]
[White "Mikhail_Golubev"]
[Black "Redbandit87"]
[Result "1-0"]
[WhiteElo "2468"]
[BlackElo "2385"]
[TimeControl "180+2"]
[EndTime "14:39:22 PST"]
[Termination "Mikhail_Golubev won by resignation"]

1. e4 e5 2. Nf3 Nc6 3. Bc4 Nf6 4. Ng5 d5 5. exd5 b5 6. Bf1 Nxd5 7. h4 a6 8. a4 b4 9. Bc4 f6 10. Qf3 Nce7 11.
Ne4 c6 12. d4 Nb6 13. Bb3 Qxd4 14. Be3 Qxb2 15. Bxb6 Qxa1 16. O-O Nd5 17. Nbd2 Qxf1+ 18. Kxf1 Nxb6 19. Nxf6+ Kd8 20. Qxc6 gxf6 21. Qxb6+ Kd7 22. Ne4 Be7 23. Qe6+ Kd8 24. Qd5+ Kc7 25. Qxa8 Rd8 26. Qa7+ Bb7 27. a5 Rd4 28. Qb6+ Kb8 29. Nc5 Bxc5 30.
Qxc5 Rd1+ 31. Ke2 Rd4 32. Qf8+ Ka7 33. Qxf6 Bxg2 34. Qg7+ Bb7 35. Qxh7 Kb8 36. h5 Re4+ 37. Kd2 Rd4+ 38. Kc1 Re4 39. Qxb7+ 1-0

[Event "*** Titled Tuesday Blitz"]
[Site "Chess.com"]
[Date "2019.02.05"]
[Round "7"]
[White "mouseWLZ"]
[Black "ShadyH9"]
[Result "1-0"]
[WhiteElo "2487"]
[BlackElo "2326"]
[TimeControl "180+2"]
[EndTime "14:39:24 PST"]
[Termination "mouseWLZ won on time"]

1. e4 c5 2. Nf3 Nc6 3. d4 cxd4 4. Nxd4 g6 5. c4 Bg7 6. Be3 Nf6 7. Nc3 O-O 8. Be2 d6 9. O-O Bd7 10. f3 Nxd4 11.
Bxd4 a5 12. Qd2 Bc6 13. Rfc1 Nd7 14. Be3 Be5 15. Rab1 Nc5 16. Nd5 e6 17. Nf4 Qe7 18.
Nh3 f5 19. exf5 gxf5 20. Bf4 b6 21. Qe3 Qf6 22. Rd1 Rad8 23. Bg5 Qg7 24. Bxd8 Rxd8 25. Qg5 Rc8 26. Qxg7+ Kxg7 27. f4 Bf6 28. Rxd6 Ne4 29.
Rdd1 h6 30. Nf2 Nc5 31. Bf3 Bxf3 32. gxf3 Na4 33. Rd7+ Kg6 34. b3 Nc3 35. Re1 1-0

[Event "*** Titled Tuesday Blitz"]
[Site "Chess.com"]
[Date "2019.02.05"]
[Round "7"]
[White "WhiteKnight2612"]
[Black "Sashadav97"]
[Result "1-0"]
[WhiteElo "2577"]
[BlackElo "2624"]
[TimeControl "180+2"]
[EndTime "14:39:24 PST"]
[Termination "WhiteKnight2612 won by resignation"]

1. g3 d5 2. Bg2 e5 3. d3 Be7 4.
Nf3 Nc6 5. O-O h5 6. h4 Bg4 7. c4 d4 8. b4 Bxb4 9. Qa4 Qd7 10. Nxe5 Nxe5 11. Qxb4 c6 12. Ba3 Ne7 13. Re1 Rh6 14.
Nd2 Bf5 15. Rab1 Rb8 16. Qc5 Re6 17. Qxa7 Qd8 18. Bc5 Ng4 19. Bb6 Qc8 20. Bxd4 Ra8 21. Qxb7 Qxb7 22. Rxb7 Bxd3 23. f3 Rxa2 24. Nb3 Nh6 25.
Nc5 Rd6 26. Rb8+ Rd8 27. Rxd8+ Kxd8 28. Nxd3 Rc2 29. c5 Nd5 30. Bf2 Nc3 31. Nf4 Nf5 32. e4 Ne7 33. Bd4 Nb5 34. Bxg7 Rxc5 35. Bf6 Ke8 36.
Nd3 Rc2 37. f4 c5 38. Rc1 Rxc1+ 39. Nxc1 c4 40. Bf1 Nd6 41. Bxe7 Kxe7 42. e5 Nf5 43. Bxc4 Nxg3 44. Bd3 Ke6 45. Kg2 Nf5 46. Bxf5+ Kxf5 47. Kf3 f6 48. Nd3 fxe5 49. Nxe5 1-0

[Event "*** Titled Tuesday Blitz"]
[Site "Chess.com"]
[Date "2019.02.05"]
[Round "7"]
[White "rasmussvane"]
[Black "GMBenjaminBok"]
[Result "0-1"]
[WhiteElo "2756"]
[BlackElo "2862"]
[TimeControl "180+2"]
[EndTime "14:39:25 PST"]
[Termination "GMBenjaminBok won by resignation"]

1. Nf3 d5 2. g3 c6 3. Bg2 Bg4 4. O-O Nd7 5. h3 Bh5 6. d4 e6 7. c4 Be7 8. cxd5 exd5 9. Qb3 Qb6 10. Qe3 Nf8 11. Nh4 Ne6 12. Nf5 Bf6 13. Rd1 Bg6 14. g4 O-O-O 15. Nc3 Bxf5 16. gxf5 Nxd4 17. Qd3 Ne7 18.
a4 Qa6 19. Qxa6 bxa6 20. Bf4 Nexf5 21. e4 dxe4 22. Bxe4 Rhe8 23. Kf1 Kb7 24. a5 Nd6 25. Bg2 N6b5 26. Na4 Nb3 27. Rxd8 Rxd8 28. Re1 Rd4 29. Re4 Rxe4 30. Bxe4 g6 31. Ke2 Bd4 32. Bc2 Nxa5 33.
f3 Nc4 34. b3 Nb6 35. Kd3 c5 36. Nxb6 axb6 37. Kc4 Na3+ 38. Kd3 Nxc2 39. Kxc2 Kc6 40. Kd3 Kd5 41. Bc7 b5 0-1

[Event "*** Titled Tuesday Blitz"]
[Site "Chess.com"]
[Date "2019.02.05"]
[Round "7"]
[White "IngOscarArdila"]
[Black "salomez"]
[Result "1-0"]
[WhiteElo "2067"]
[BlackElo "2114"]
[TimeControl "180+2"]
[EndTime "14:39:27 PST"]
[Termination "IngOscarArdila won by resignation"]

1. e4 c5 2. d3 Nc6 3. Nd2 g6 4. Ngf3 Bg7 5. g3 e6 6. Bg2 Nge7 7. O-O O-O 8. c3 d5 9. Re1 Rb8 10. Qe2 b5 11. d4 cxd4 12. cxd4 Nxd4 13. Nxd4 Bxd4 14. Qd3 Qb6 15. Qe2 dxe4 16. Nxe4 Bb7 17. Bh6 Rfc8 18. Rad1 Nf5 19. Bf4 e5 20. Bg5 Bxe4 21.
Bxe4 f6 22. Bc1 Nd6 23. Bd5+ Kg7 24. Kg2 f5 25. f4 e4 26. Rxd4 Qxd4 27. Rd1 Qc5 28.
Be3 Qc2 29. Rd2 Qb1 30. Bd4+ Kh6 31. g4 g5 32. Qe3 fxg4 33. fxg5+ Kg6 34. Qf4 Nf5 35.
Bxe4 Qxe4+ 36. Qxe4 Re8 37. Qc6+ Kh5 38. Rf2 Nh4+ 39. Kg3 Ng6 40. Qd7 1-0

[Event "*** Titled Tuesday Blitz"]
[Site "Chess.com"]
[Date "2019.02.05"]
[Round "7"]
[White "vugarrasulov"]
[Black "Sosat98"]
[Result "1-0"]
[WhiteElo "2855"]
[BlackElo "2608"]
[TimeControl "180+2"]
[EndTime "14:39:33 PST"]
[Termination "vugarrasulov won on time"]

1. e4 c5 2. Nf3 d6 3. d4 cxd4 4. Nxd4 Nf6 5. Nc3 Nc6 6. Bg5 e6 7.
Qd2 a6 8. O-O-O Be7 9. f3 Nxd4 10. Qxd4 b5 11. Kb1 Bb7 12. h4 Rc8 13. Qd2 O-O 14. Bd3 Nd7 15. Ne2 f6 16. Be3 Ne5 17. Nd4 Qd7 18. h5 d5 19. exd5 Bxd5 20. Be2 Rfd8 21. Rhe1 Qe8 22. h6 Nc4 23. Bxc4 Bxc4 24. Qa5 Qg6 25.
g4 Bd5 26. Rd2 b4 27. b3 Bb7 28. Qb6 Bd5 29. Nxe6 Rd6 30. Nf4 Qf7 31. Nxd5 Rxd5 32. Rxd5 Qxd5 33. Qxa6 Rc6 34. Qd3 Qxf3 35. Qd7 Qe4 36.
Qe8+ 1-0

[Event "*** Titled Tuesday Blitz"]
[Site "Chess.com"]
[Date "2019.02.05"]
[Round "7"]
[White "Last7Samurai"]
[Black "regular_legs"]
[Result "1-0"]
[WhiteElo "2692"]
[BlackElo "2477"]
[TimeControl "180+2"]
[EndTime "14:39:35 PST"]
[Termination "Last7Samurai won by checkmate"]

1. Nf3 Nf6 2. g3 b6 3. Bg2 Bb7 4. O-O e6 5. c4 c5 6. Nc3 Be7 7.
Re1 Ne4 8. Nxe4 Bxe4 9. d3 Bb7 10. e4 O-O 11. d4 cxd4 12. Nxd4 d6 13. b3 a6 14. Bb2 Nd7 15. Qd2 Qc7 16. Rad1 Rad8 17.
Kh1 Rfe8 18. f4 Bf8 19. g4 e5 20. Nf5 Nc5 21. Qc3 b5 22. cxb5 axb5 23. Rc1 Qb8 24. Qg3 g6 25. Qh4 gxf5 26. gxf5 Nd3 27. Re3 Nxf4 28.
Rg3+ Ng6 29. fxg6 fxg6 30. Bh3 Qa8 31. Bf5 Bg7 32. Rc7 Rc8 33. Rxg7+ Kxg7 34. Rh3 Rg8 35.
Qxh7+ Kf6 36. Qh4+ Kg7 37. Qe7# 1-0

[Event "*** Titled Tuesday Blitz"]
[Site "Chess.com"]
[Date "2019.02.05"]
[Round "7"]
[White "Indianlad"]
[Black "Grischuk"]
[Result "0-1"]
[WhiteElo "2930"]
[BlackElo "3053"]
[TimeControl "180+2"]
[EndTime "14:39:38 PST"]
[Termination "Grischuk won by resignation"]

1. Nf3 Nf6 2. c4 g6 3. g3 Bg7 4. Bg2 O-O 5. O-O d6 6. d4 Nbd7 7. Bf4 Nh5 8. Bg5 h6 9. Be3 e5 10.
Nc3 f5 11. dxe5 dxe5 12. Qc1 e4 13. Nd4 Ne5 14. Rd1 Qe8 15. Bxh6 c6 16. Bxg7 Nxg7 17.
b3 Qe7 18. Nc2 Bd7 19. Qa3 Qxa3 20. Nxa3 Ne6 21. f4 exf3 22. exf3 f4 23. Rd6 fxg3 24. Re1 gxh2+ 25. Kxh2 Nxf3+ 26. Bxf3 Rxf3 27. Rxd7 Nc5 28. Rd6 Rxc3 29. Rxg6+ Kf7 30. Rg2 Rh8+ 31. Kg1 Rh6 32. Nc2 Rch3 33. Rf2+ Rf6 34. Rxf6+ Kxf6 35. Re2 a5 36.
Kg2 Rc3 37. Nd4 a4 38. b4 Nd3 39. Rc2 Ne1+ 0-1

[Event "*** Titled Tuesday Blitz"]
[Site "Chess.com"]
[Date "2019.02.05"]
[Round "7"]
[White "RiskyDecision"]
[Black "LuisFSiles"]
[Result "0-1"]
[WhiteElo "2393"]
[BlackElo "2270"]
[TimeControl "180+2"]
[EndTime "14:39:39 PST"]
[Termination "LuisFSiles won on time"]

1. d4 Nf6 2. c4 g6 3. g3 Bg7 4. Bg2 O-O 5. Nc3 d6 6. Nf3 c6 7. O-O Qa5 8. e4 e5 9. h3 Re8 10. Re1 Nbd7 11. d5 cxd5 12. cxd5 b5 13. a4 a6 14. Bd2 b4 15. Na2 Rb8 16. Re3 Nc5 17. Ne1 Bh6 18. Re2 Bxd2 19. Rxd2 Qxa4 20. Qxa4 Nxa4 21.
Nd3 Nc5 22. Naxb4 Nfxe4 23. Rdd1 Nxd3 24. Nxd3 Nf6 25. Ra2 Rb5 26. Nc1 Bb7 27. Ne2 Nxd5 28. Bxd5 Bxd5 29. Rxa6 Bf3 30. Rd2 Rc8 31. Raxd6 Rbc5 32. Kh2 h5 33. Nc3 Kg7 34. Rd8 Rxd8 35. Rxd8 Ra5 36.
Re8 Ra1 37. g4 h4 0-1

[Event "*** Titled Tuesday Blitz"]
[Site "Chess.com"]
[Date "2019.02.05"]
[Round "7"]
[White "IakovUlivar"]
[Black "Polish_fighter3000"]
[Result "0-1"]
[WhiteElo "2532"]
[BlackElo "3011"]
[TimeControl "180+2"]
[EndTime "14:39:44 PST"]
[Termination "Polish_fighter3000 won by resignation"]

1. e4 e5 2. Nf3 Nf6 3. Nxe5 d6 4. Nf3 Nxe4 5. d3 Nf6 6. d4 d5 7. Bd3 Bd6 8. Qe2+ Qe7 9. Qxe7+ Kxe7 10. O-O Nc6 11. Re1+ Kf8 12. c3 Ne7 13. Bg5 Nfg8 14. Na3 f6 15. Bh4 c6 16. Bg3 Bxg3 17. hxg3 Bf5 18. Bf1 g5 19. Nd2 h5 20. Be2 Nc8 21. Nf1 Nge7 22. Ne3 Be6 23. Bd3 Nd6 24. f3 Kf7 25. Kf2 a5 26. Nb1 b6 27. Nd2 a4 28.
a3 c5 29. Rad1 cxd4 30. cxd4 Nc6 31. Nb1 Nxd4 32. Nc3 Nxf3 33. gxf3 d4 34. Ned5 dxc3 35. Nc7 Bb3 36. Nxa8 Bxd1 37. Rxd1 Rxa8 38. bxc3 Rc8 39. Rc1 b5 40. Ke3 Nc4+ 41. Bxc4+ Rxc4 42. Kd3 h4 43. gxh4 gxh4 44. Rb1 Rc5 45. Kd4 Rh5 46. c4 bxc4 47.
Kxc4 Rf5 48. Rh1 Rf4+ 49. Kd3 Rxf3+ 50. Ke4 Rxa3 51. Rxh4 Ra1 0-1

[Event "*** Titled Tuesday Blitz"]
[Site "Chess.com"]
[Date "2019.02.05"]
[Round "7"]
[White "dusanacns"]
[Black "joppie2"]
[Result "1-0"]
[WhiteElo "2627"]
[BlackElo "2731"]
[TimeControl "180+2"]
[EndTime "14:39:50 PST"]
[Termination "dusanacns won by resignation"]

1. e4 c5 2. Nf3 d6 3. Bc4 Nf6 4. d3 e6 5. O-O Be7 6. Bb3 O-O 7. Re1 b5 8. c3 Nc6 9. Nbd2 Bb7 10. Nf1 a5 11. a4 b4 12. Ng3 d5 13. e5 Nd7 14. Nh5 g6 15. Ng3 c4 16. Bc2 cxd3 17.
Bxd3 Nc5 18. Bh6 Nxd3 19. Qxd3 Re8 20. Qe3 bxc3 21. bxc3 Rc8 22. Qf4 f5 23. exf6 Bxf6 24. Bg5 Bxg5 25. Nxg5 Qd7 26. Qg4 Nd8 27. Re3 Rc4 28.
Qe2 Rxa4 29. Rxa4 Qxa4 30. Nxe6 Nxe6 31. Rxe6 Rf8 32. Re7 Bc8 33. Qe5 Rf7 34. Re8+ Rf8 35. Qxd5+ Kg7 36. Qe5+ Kg8 37. Rxf8+ Kxf8 38. Qc5+ 1-0

[Event "*** Titled Tuesday Blitz"]
[Site "Chess.com"]
[Date "2019.02.05"]
[Round "7"]
[White "ChessWarrior7197"]
[Black "gmcorrales"]
[Result "1/2-1/2"]
[WhiteElo "2879"]
[BlackElo "2759"]
[TimeControl "180+2"]
[EndTime "14:39:51 PST"]
[Termination "Game drawn - insufficient material"]

1. e4 c5 2. Nf3 d6 3. d4 cxd4 4.
Nxd4 Nf6 5. Nc3 a6 6. h3 e6 7.
g4 b5 8. g5 Nfd7 9. Bg2 Bb7 10. O-O Nc6 11. Nxc6 Bxc6 12. Qd4 Qb6 13. Be3 Qxd4 14.
Bxd4 h6 15. h4 hxg5 16. hxg5 Rh4 17. f3 Be7 18. Bf2 Rh5 19. f4 e5 20. Bf3 Rh3 21.
Kg2 Rh8 22. Rh1 O-O-O 23. Be3 exf4 24. Bxf4 Ne5 25. Nd5 Bxd5 26. exd5 Nxf3 27. Kxf3 Kd7 28. c3 Rc8 29. Be3 a5 30. a3 Rb8 31. Bd4 Rxh1 32.
Rxh1 g6 33. Rh7 Rf8 34. Bf6 Bd8 35. b3 a4 36. bxa4 bxa4 37. Bxd8 Kxd8 38. Rh4 f6 39. Rf4 Ke7 40. Re4+ Kd7 41. Rxa4 fxg5+ 42. Kg4 Rf5 43. c4 Kc7 44. Ra6 Rf4+ 45. Kxg5 Rxc4 46. Kxg6 Rc5 47.
Kf5 Rxd5+ 48. Ke4 Rd1 49. Ke3 Kb7 50. Ra4 Kb6 51. Rd4 Rxd4 52. Kxd4 Kb5 53. Kd5 Ka4 54. Kc6 Kxa3 55. Kd5 Ka4 56. Kxd6 1/2-1/2

[Event "*** Titled Tuesday Blitz"]
[Site "Chess.com"]
[Date "2019.02.05"]
[Round "7"]
[White "AliKa2810"]
[Black "AryanTari"]
[Result "0-1"]
[WhiteElo "2470"]
[BlackElo "2805"]
[TimeControl "180+2"]
[EndTime "14:39:54 PST"]
[Termination "AryanTari won by resignation"]

1. e4 c6 2. d4 d5 3. e5 Bf5 4. c4 e6 5. Nc3 Ne7 6. Nge2 Nd7 7. Ng3 Bg6 8. c5 b6 9. b4 a5 10. Na4 axb4 11. Nxb6 Nxb6 12. cxb6 Qxb6 13. h4 h6 14. h5 Bh7 15. Be3 Nf5 16. Nxf5 Bxf5 17. Bd3 Bxd3 18.
Qxd3 b3 19. O-O b2 20. Rab1 Rxa2 21. f4 Be7 22. f5 exf5 23. Qxf5 O-O 24. Qg4 Kh8 25. Kh2 Qb3 26. Rf3 Qc2 27. Rg3 Qh7 28.
Bd2 Rg8 29. Qd1 Qe4 30. Bc3 Bg5 31. Rg4 Bf4+ 32. g3 Qe3 33. Rxb2 Rxb2+ 34. Bxb2 Qf2+ 35. Kh3 Bxg3 36. Rxg3 Qxb2 37. Rf3 Qb7 38. Qd3 Qd7+ 39. Kg3 Rb8 40. Rf5 Rb2 41. Qf3 Kg8 42. Qa3 Rb3+ 43.
Qxb3 Qxf5 44. Qb8+ Kh7 45. Qd6 Qd3+ 46. Kg2 Qxd4 0-1

[Event "*** Titled Tuesday Blitz"]
[Site "Chess.com"]
[Date "2019.02.05"]
[Round "7"]
[White "Shant_Sargsyan"]
[Black "Fins0905"]
[Result "0-1"]
[WhiteElo "2794"]
[BlackElo "2649"]
[TimeControl "180+2"]
[EndTime "14:39:55 PST"]
[Termination "Fins0905 won by resignation"]

1. e4 d5 2. exd5 Qxd5 3. Nc3 Qa5 4. Nf3 Nf6 5. d4 c6 6. Bc4 Bf5 7. Ne5 e6 8. Bd2 Nbd7 9. Qe2 Nxe5 10. dxe5 Nd7 11.
f4 h5 12. O-O-O Bg4 13. Qd3 Bxd1 14. Rxd1 Qc7 15. Ne4 Nc5 16. Qe3 Nxe4 17. Qxe4 g6 18. Be3 Rd8 19. Rf1 h4 20. g4 hxg3 21. hxg3 Qa5 22. c3 Bc5 23. Bd2 Rh2 24. Rd1 Qb6 25.
Bd3 Rxd2 26. Rxd2 Be3 27. b4 Bxd2+ 28. Kxd2 Qf2+ 29. Qe2 Qxg3 30. Qe3 Qxe3+ 31. Kxe3 Ke7 32. a4 Rh8 33. b5 c5 34. a5 b6 35. a6 Rh3+ 36. Ke4 Rh4 37. Kf3 Kf8 38. c4 Kg7 39. Ke3 Kh6 40. Be4 Rh3+ 41. Bf3 g5 42. Ke4 Rh4 43.
Ke3 Rxf4 0-1